TOP OF THE 1ST |
Washington Generals batting - Pitching for Bellevue Bruins : RHP Loren Berdine
|
Pitching: RHP Loren Berdine
|
|
Batting: RHB Júlio Rodríguez
|
0-0: Called Strike 0-1: Swinging Strike 0-2: Ball 1-2: Strikes out swinging
|
Batting: RHB Jeremy Geertsen
|
0-0: Ball 1-0: Fly out, F6 (Line Drive, 6)
|
Batting: RHB Bill Perkins
|
0-0: Ball 1-0: Swinging Strike 1-1: Called Strike 1-2: Strikes out swinging
|
Top of the 1st over - 0 runs, 0 hits, 0 errors, 0 left on base; Washington 0 - Bellevue 0 |
BOTTOM OF THE 1ST |
Bellevue Bruins batting - Pitching for Washington Generals : RHP Phillip Donoghue
|
Pitching: RHP Phillip Donoghue
|
|
Batting: LHB Juan Romero
|
0-0: Called Strike 0-1: Ball 1-1: Foul Ball, location: 2F 1-2: Ball 2-2: Foul Ball, location: 2F 2-2: Fly out, F7 (Flyball, 78M)
|
Batting: RHB Ryan Faulkner
|
0-0: Ball 1-0: Called Strike 1-1: Called Strike 1-2: Ball 2-2: Ball 3-2: Base on Balls
|
Batting: SHB Júlio Morín Jr.
|
0-0: Swinging Strike 0-1: Called Strike 0-2: Foul Ball, location: 2F 0-2: Ball 1-2: DOUBLE (Flyball, 8RXD) Ryan Faulkner to third
|
Batting: SHB Aurelio Jiménez
|
0-0: Swinging Strike 0-1: Fly out, F8 (Flyball, 8LS) Runner from 3rd tags up, SCORES, throw made
|
Batting: RHB Miguel Elías
|
0-0: Fly out, F5 (Line Drive, 56)
|
Bottom of the 1st over - 1 run, 1 hit, 0 errors, 1 left on base; Washington 0 - Bellevue 1 |
TOP OF THE 2ND |
Washington Generals batting - Pitching for Bellevue Bruins : RHP Loren Berdine
|
Batting: RHB Michael Palledorous
|
0-0: Foul Ball, location: 2F 0-1: Ball 1-1: Foul Ball, location: 2F 1-2: Ball 2-2: Ball 3-2: Strikes out swinging
|
Batting: RHB Alonso Vielma
|
0-0: Swinging Strike 0-1: Ball 1-1: Fly out, F1 (Line Drive, 13)
|
Batting: RHB Mike Lipide
|
0-0: Ball 1-0: Ball 2-0: Ball 3-0: Called Strike 3-1: Fly out, F7 (Flyball, 7S)
|
Top of the 2nd over - 0 runs, 0 hits, 0 errors, 0 left on base; Washington 0 - Bellevue 1 |
BOTTOM OF THE 2ND |
Bellevue Bruins batting - Pitching for Washington Generals : RHP Phillip Donoghue
|
Batting: LHB David Muller
|
0-0: Swinging Strike 0-1: Called Strike 0-2: Ball 1-2: Strikes out swinging
|
Batting: LHB Domingo Colón
|
0-0: Foul Ball, location: 2F 0-1: Fly out, F5 (Popup, 56S)
|
Batting: RHB Ramón Ramírez
|
0-0: Swinging Strike 0-1: Ball 1-1: Called Strike 1-2: Ball 2-2: Strikes out looking
|
Bottom of the 2nd over - 0 runs, 0 hits, 0 errors, 0 left on base; Washington 0 - Bellevue 1 |
TOP OF THE 3RD |
Washington Generals batting - Pitching for Bellevue Bruins : RHP Loren Berdine
|
Batting: RHB Mauro Deleón
|
0-0: Ball 1-0: Ball 2-0: Called Strike 2-1: Ball 3-1: Base on Balls
|
Batting: RHB Ricardo Sandoval
|
0-0: Ball 1-0: Ball 2-0: Foul Ball, location: 2F 2-1: Swinging Strike 2-2: Foul Ball, location: 2F 2-2: Ground out 5-3 (Groundball, 56S) Mauro Deleón to second
|
Batting: RHB Dan Vanblarcom
|
0-0: Ball 1-0: Ground out 6-3 (Groundball, 56D)
|
Batting: RHB Júlio Rodríguez
|
0-0: Called Strike 0-1: Ball 1-1: Fly out, F7 (Flyball, 78D)
|
Top of the 3rd over - 0 runs, 0 hits, 0 errors, 1 left on base; Washington 0 - Bellevue 1 |
BOTTOM OF THE 3RD |
Bellevue Bruins batting - Pitching for Washington Generals : RHP Phillip Donoghue
|
Batting: SHB Paul Maddox
|
0-0: Called Strike 0-1: Ball 1-1: Ground out 3-1 (Groundball, 34)
|
Batting: LHB Juan Romero
|
0-0: Called Strike 0-1: Swinging Strike 0-2: Ball 1-2: Fly out, F8 (Flyball, 8RM)
|
Batting: RHB Ryan Faulkner
|
0-0: Ball 1-0: Ball 2-0: Fly out, F5 (Popup, 5SF)
|
Bottom of the 3rd over - 0 runs, 0 hits, 0 errors, 0 left on base; Washington 0 - Bellevue 1 |
TOP OF THE 4TH |
Washington Generals batting - Pitching for Bellevue Bruins : RHP Loren Berdine
|
Batting: RHB Jeremy Geertsen
|
0-0: Swinging Strike 0-1: Swinging Strike 0-2: Ball 1-2: Ball 2-2: Strikes out swinging
|
Batting: RHB Bill Perkins
|
0-0: Called Strike 0-1: Swinging Strike 0-2: Strikes out swinging
|
Batting: RHB Michael Palledorous
|
0-0: Ground out 5-3 (Groundball, 5S)
|
Top of the 4th over - 0 runs, 0 hits, 0 errors, 0 left on base; Washington 0 - Bellevue 1 |
BOTTOM OF THE 4TH |
Bellevue Bruins batting - Pitching for Washington Generals : RHP Phillip Donoghue
|
Batting: SHB Júlio Morín Jr.
|
0-0: SINGLE (Line Drive, 4D)
|
Batting: SHB Aurelio Jiménez
|
0-0: Foul Ball, location: 2F 0-1: Ball 1-1: Called Strike 1-2: Strikes out swinging
|
Batting: RHB Miguel Elías
|
0-0: Ball 1-0: Called Strike 1-1: DOUBLE (Flyball, 8RXD) Júlio Morín Jr. to third Runner from 3rd tries for Home, SAFE, no throw
|
Batting: LHB David Muller
|
0-0: Swinging Strike 0-1: Ball 1-1: Foul Ball, location: 2F 1-2: Ground out 4-3 (Groundball, 4) Miguel Elías to third
|
Batting: LHB Domingo Colón
|
0-0: Ball 1-0: Ball 2-0: Fly out, F7 (Flyball, 78M)
|
Bottom of the 4th over - 1 run, 2 hits, 0 errors, 1 left on base; Washington 0 - Bellevue 2 |
TOP OF THE 5TH |
Washington Generals batting - Pitching for Bellevue Bruins : RHP Loren Berdine
|
Batting: RHB Alonso Vielma
|
0-0: Ground out 4-3 (Groundball, 4S)
|
Batting: RHB Mike Lipide
|
0-0: Ball 1-0: Called Strike 1-1: Swinging Strike 1-2: Ball 2-2: Strikes out looking
|
Batting: RHB Mauro Deleón
|
0-0: Ball 1-0: Swinging Strike 1-1: Foul Ball, location: 2F 1-2: Ball 2-2: Strikes out looking
|
Top of the 5th over - 0 runs, 0 hits, 0 errors, 0 left on base; Washington 0 - Bellevue 2 |
BOTTOM OF THE 5TH |
Bellevue Bruins batting - Pitching for Washington Generals : RHP Phillip Donoghue
|
Batting: RHB Ramón Ramírez
|
0-0: Called Strike 0-1: Swinging Strike 0-2: Ball 1-2: Strikes out swinging
|
Batting: SHB Paul Maddox
|
0-0: Ball 1-0: Called Strike 1-1: Swinging Strike 1-2: Ball 2-2: Strikes out looking
|
Batting: LHB Juan Romero
|
0-0: Ball 1-0: Ball 2-0: Swinging Strike 2-1: DOUBLE (Line Drive, 7LD)
|
Batting: RHB Ryan Faulkner
|
0-0: SINGLE (Groundball, 6S) (infield hit) Juan Romero to third
|
Batting: SHB Júlio Morín Jr.
|
0-0: Called Strike 0-1: Ball 1-1: Fielders Choice at 2nd, 6-4 (Groundball, 6)
|
Bottom of the 5th over - 0 runs, 2 hits, 0 errors, 2 left on base; Washington 0 - Bellevue 2 |
TOP OF THE 6TH |
Washington Generals batting - Pitching for Bellevue Bruins : RHP Loren Berdine
|
Batting: RHB Ricardo Sandoval
|
0-0: Ball 1-0: Ball 2-0: Fly out, F6 (Popup, 6MD)
|
Batting: RHB Dan Vanblarcom
|
0-0: Ball 1-0: Ball 2-0: Called Strike 2-1: Fly out, F9 (Flyball, 9)
|
Batting: RHB Júlio Rodríguez
|
0-0: Called Strike 0-1: Ball 1-1: Ground out 6-3 (Groundball, 6)
|
Top of the 6th over - 0 runs, 0 hits, 0 errors, 0 left on base; Washington 0 - Bellevue 2 |
BOTTOM OF THE 6TH |
Bellevue Bruins batting - Pitching for Washington Generals : RHP Phillip Donoghue
|
Batting: SHB Aurelio Jiménez
|
0-0: Ball 1-0: Ball 2-0: Ball 3-0: Base on Balls
|
Batting: RHB Miguel Elías
|
0-0: Called Strike 0-1: Called Strike 0-2: Foul Ball, location: 2F 0-2: Ball 1-2: Strikes out looking
|
Pitching: LHP Abdul Rashad
|
|
Batting: LHB David Muller
|
0-0: Ball 1-0: Called Strike 1-1: Called Strike 1-2: Fly out, F7 (Flyball, 7LSF)
|
Batting: LHB Domingo Colón
|
0-0: Ball 1-0: Ball 2-0: Ball 3-0: Called Strike 3-1: Foul Ball, location: 2F 3-2: Strikes out swinging
|
Bottom of the 6th over - 0 runs, 0 hits, 0 errors, 1 left on base; Washington 0 - Bellevue 2 |
TOP OF THE 7TH |
Washington Generals batting - Pitching for Bellevue Bruins : RHP Loren Berdine
|
Batting: RHB Jeremy Geertsen
|
0-0: Ball 1-0: Ball 2-0: Ball 3-0: Called Strike 3-1: Called Strike 3-2: Fly out, F5 (Flyball, 56D)
|
Batting: RHB Bill Perkins
|
0-0: Ball 1-0: Foul Ball, location: 2F 1-1: Ball 2-1: Fly out, F7 (Flyball, 7LS)
|
Batting: RHB Michael Palledorous
|
0-0: Ball 1-0: Called Strike 1-1: Swinging Strike 1-2: Foul Ball, location: 2F 1-2: Ground out 4-3 (Groundball, 4)
|
Top of the 7th over - 0 runs, 0 hits, 0 errors, 0 left on base; Washington 0 - Bellevue 2 |
BOTTOM OF THE 7TH |
Bellevue Bruins batting - Pitching for Washington Generals : LHP Abdul Rashad
|
Batting: RHB Ramón Ramírez
|
0-0: Called Strike 0-1: Fly out, F8 (Line Drive, 8LS)
|
Batting: SHB Paul Maddox
|
0-0: Ground out 5-3 (Groundball, 5)
|
Batting: LHB Juan Romero
|
0-0: Foul Ball, location: 2F 0-1: Foul Ball, location: 2F 0-2: Strikes out swinging
|
Bottom of the 7th over - 0 runs, 0 hits, 0 errors, 0 left on base; Washington 0 - Bellevue 2 |
TOP OF THE 8TH |
Washington Generals batting - Pitching for Bellevue Bruins : RHP Loren Berdine
|
Batting: RHB Alonso Vielma
|
0-0: Called Strike 0-1: Fly out, F5 (Line Drive, 56)
|
Batting: RHB Mike Lipide
|
0-0: Ball 1-0: Ball 2-0: Ball 3-0: Called Strike 3-1: Ground out 5-3 (Groundball, 5)
|
Batting: RHB Mauro Deleón
|
0-0: Called Strike 0-1: Foul Ball, location: 2F 0-2: Foul Ball, location: 2F 0-2: Strikes out swinging
|
Top of the 8th over - 0 runs, 0 hits, 0 errors, 0 left on base; Washington 0 - Bellevue 2 |
BOTTOM OF THE 8TH |
Bellevue Bruins batting - Pitching for Washington Generals : LHP Abdul Rashad
|
Batting: RHB Ryan Faulkner
|
0-0: Foul Ball, location: 2F 0-1: Foul Ball, location: 2F 0-2: Ball 1-2: Foul Ball, location: 2F 1-2: Hit by Pitch
|
Batting: SHB Júlio Morín Jr.
|
0-0: Ball 1-0: Called Strike Ryan Faulkner steals 2nd base 1-1: Ball 2-1: Ground out 4-3 (Groundball, 4) Ryan Faulkner to third
|
Batting: SHB Aurelio Jiménez
|
0-0: Intentional Walk
|
Batting: RHB Miguel Elías
|
0-0: Fly out, F6 (Flyball, 56D)
|
Pinch Hitting: SHB Jorge Ayala
|
0-0: Ball 1-0: Foul Ball, location: 2F 1-1: Ball 2-1: Ball 3-1: Fly out, F7 (Flyball, 7LS)
|
Bottom of the 8th over - 0 runs, 0 hits, 0 errors, 2 left on base; Washington 0 - Bellevue 2 |
TOP OF THE 9TH |
Washington Generals batting - Pitching for Bellevue Bruins : RHP Loren Berdine
|
Now at 2B: Félix Sánchez
|
|
Batting: RHB Ricardo Sandoval
|
0-0: Ball 1-0: Ball 2-0: Ball 3-0: Called Strike 3-1: Swinging Strike 3-2: Base on Balls
|
Pinch Hitting: RHB Jason Alston
|
Balk! Ricardo Sandoval to second 0-0: Called Strike 0-1: Ball 1-1: Ball 2-1: Ball 3-1: Base on Balls
|
Batting: RHB Júlio Rodríguez
|
0-0: Bunted foul 0-1: Sac Bunt - play at first, batter OUT! 5-4 Ricardo Sandoval to third Jason Alston to second
|
Pinch Hitting: LHB Keizo Morishita
|
0-0: Ball 1-0: Ball 2-0: Foul Ball, location: 2F 2-1: Ball 3-1: Base on Balls
|
Batting: RHB Bill Perkins
|
0-0: Called Strike 0-1: Called Strike 0-2: Fly out, F7 (Flyball, 7) Runner from 3rd tags up, SCORES, no throw
|
Pitching: RHP Brendan Haataja
|
|
Batting: RHB Michael Palledorous
|
0-0: Foul Ball, location: 2F 0-1: Hit by Pitch Jason Alston to third Keizo Morishita to second
|
Batting: RHB Alonso Vielma
|
0-0: Swinging Strike 0-1: Swinging Strike 0-2: Ball 1-2: Foul Ball, location: 2F 1-2: Strikes out swinging
|
Top of the 9th over - 1 run, 0 hits, 0 errors, 3 left on base; Washington 1 - Bellevue 2 |
|